[Event "Titled Tuesday Blitz April 26 Early 2022"]
[White "Jaskolka, Tomasz"]
[Black "Eynullayev, Atilla"]
[WhiteFideId "1170791"]
[BlackFideId "13413570"]
[WhiteElo "2073"]
[BlackElo "1936"]
[Result "0-1"]
[Round "09"]
[TimeControl "180+1"]
[Date "2022.04.26"]
[WhiteClock "0:00:02"]
[BlackClock "0:00:12"]

1. d4 Nf6 2. Bf4 e6 3. e3 Nc6 4. Nf3 h6 5. h3 Bd6 6. Bxd6 cxd6 7. c4 d5 8. c5 d6 9. cxd6 Qxd6 10. Nc3 O-O 11. Bd3 Bd7 12. a3 Rac8 13. g4 e5 14. dxe5 Nxe5 15. Nxe5 Qxe5 16. Bc2 Rxc3 17. bxc3 Qxc3+ 18. Kf1 d4 19. Rc1 Bb5+ 20. Kg1 d3 21. Bb3 Qe5 22. Bc4 Bc6 23. Rh2 Rd8 24. Qb3 Ne4 25. Bxd3 Ng5 26. Be2 Rd2 27. f4 Qd6 28. Rf2 Nxh3+ 29. Kf1 Qf6 30. Rh2 Qh4 31. e4 Rxe2 32. Kxe2 Nxf4+ 33. Kf3 Qxh2 34. Rc3 Ne6 35. Rd3 Qe5 36. Qc4 Ng5+ 37. Kf2 Nxe4+ 38. Kg2 Nd6+ 39. Qxc6 bxc6 0-1


[Site "https://www.chess.com"]

[Event "Titled Tuesday Blitz April 26 Early 2022"]
[White "Jobava, Baadur"]
[Black "Hasangatin, Ramil"]
[WhiteFideId "13601520"]
[BlackFideId "4122160"]
[WhiteElo "2617"]
[BlackElo "2375"]
[Result "1-0"]
[Round "09"]
[TimeControl "180+1"]
[Date "2022.04.26"]
[WhiteClock "0:00:20"]
[BlackClock "0:00:02"]

1. e4 d5 2. exd5 Qxd5 3. d4 e5 4. dxe5 Qxd1+ 5. Kxd1 Nc6 6. f4 Bg4+ 7. Be2 O-O-O+ 8. Ke1 Bxe2 9. Nxe2 Nb4 10. Na3 f6 11. Rf1 Bc5 12. Rf3 Ne7 13. Be3 Bxe3 14. Rxe3 Ned5 15. Re4 fxe5 16. fxe5 Rhe8 17. Rd1 Nc6 18. Nc4 b5 19. Nd6+ Rxd6 20. exd6 Rxe4 21. Rxd5 Nb4 22. Rc5 Rc4 23. Rxc4 bxc4 24. Kd2 cxd6 25. Kc3 Nd5+ 26. Kd4 Nb6 27. Nc3 Kd7 28. Nd5 Na4 29. Kxc4 Nxb2+ 30. Kb5 Ke6 31. Nc3 d5 32. Ka6 d4 33. Ne2 Kd5 34. Kxa7 Ke4 35. Kb6 Ke3 36. Nc1 Nc4+ 37. Kc5 Na3 38. Nb3 Nxc2 39. a4 d3 40. a5 Nd4 41. Nd2 Kxd2 42. a6 Ke2 43. a7 d2 44. a8=Q d1=Q 45. Qe4+ Kf2 46. Qxh7 Ne2 47. Qxg7 Qd2 48. g4 Qf4 49. h4 Qf3 50. h5 Qe3+ 51. Kd6 Qf4+ 52. Kd5 Qf3+ 53. Kc5 Qe3+ 54. Kd6 Qf4+ 55. Ke7 Nd4 56. Qf6 Kg3 57. Qxf4+ Kxf4 58. h6 Nc6+ 59. Kf6 1-0


[Site "https://www.chess.com"]

[Event "Titled Tuesday Blitz April 26 Early 2022"]
[White "Jumabayev, Rinat"]
[Black "Demin, Vladimir"]
[WhiteFideId "13702661"]
[BlackFideId "4167457"]
[WhiteElo "2561"]
[BlackElo "2422"]
[Result "1-0"]
[Round "09"]
[TimeControl "180+1"]
[Date "2022.04.26"]
[WhiteClock "0:01:22"]
[BlackClock "0:01:04"]

1. Nf3 d5 2. g3 Nd7 3. d4 Ngf6 4. Bg2 e6 5. O-O b5 6. a3 c5 7. Nc3 a6 8. e4 b4 9. axb4 cxb4 10. exd5 exd5 11. Ne5 Bb7 12. Ne2 Be7 13. Nf4 O-O 14. Re1 Nb6 15. Nfd3 a5 16. Nc5 Bxc5 17. dxc5 Nbd7 18. c6 1-0


[Site "https://www.chess.com"]

[Event "Titled Tuesday Blitz April 26 Early 2022"]
[White "Kamsky, Gata"]
[Black "Lazavik, Denis"]
[WhiteFideId "2000024"]
[BlackFideId "13515110"]
[WhiteElo "2645"]
[BlackElo "2437"]
[Result "0-1"]
[Round "09"]
[TimeControl "180+1"]
[Date "2022.04.26"]
[WhiteClock "0:00:02"]
[BlackClock "0:00:07"]

1. d4 Nf6 2. Nf3 d5 3. Bf4 c5 4. e3 Nc6 5. Nbd2 Bg4 6. c3 e6 7. Bb5 Nd7 8. Qa4 Qb6 9. Ne5 Ndxe5 10. Bxe5 Bf5 11. dxc5 Bxc5 12. Nb3 O-O 13. Bxc6 bxc6 14. Nxc5 Qxc5 15. Qd4 Qxd4 16. cxd4 Rfd8 17. Kd2 f6 18. Bg3 a5 19. Rhc1 Ra6 20. a4 Rd7 21. b3 Rb7 22. Ra3 Kf7 23. Rc5 Ke8 24. f3 Kd7 25. Kc3 g5 26. Ra2 h5 27. h3 h4 28. Be1 e5 29. Kb2 Rba7 30. Bc3 e4 31. fxe4 Bxe4 32. Ka3 f5 33. Be1 Ke6 34. g3 hxg3 35. Bxg3 Rh7 36. Rh2 Rb7 37. h4 Rab6 38. Rb2 f4 39. exf4 g4 40. Be1 Kf5 41. Bxa5 Ra6 42. Be1 Kxf4 43. Rc3 Bf3 44. b4 Re7 45. Bd2+ Kf5 46. h5 Re4 47. h6 Kg6 48. b5 cxb5 49. Rxb5 Rxd4 50. Be3 Rdxa4+ 51. Kb3 d4 0-1


[Site "https://www.chess.com"]

[Event "Titled Tuesday Blitz April 26 Early 2022"]
[White "Karolczuk, Iwo"]
[Black "Costachi, Mihnea"]
[WhiteFideId "21816972"]
[BlackFideId "1217518"]
[WhiteElo "2277"]
[BlackElo "2476"]
[Result "1-0"]
[Round "09"]
[TimeControl "180+1"]
[Date "2022.04.26"]
[WhiteClock "0:00:09"]
[BlackClock "0:00:23"]

1. d4 Nf6 2. c4 g6 3. Nc3 Bg7 4. g3 O-O 5. Bg2 d6 6. Nf3 Nc6 7. O-O Bf5 8. d5 Na5 9. Nd4 Bd7 10. b3 c5 11. dxc6 bxc6 12. Bb2 Rb8 13. Qd2 Qc7 14. Rac1 Rfc8 15. Rfd1 Nb7 16. h3 Nc5 17. Kh2 h5 18. Kg1 Kh7 19. e3 Rd8 20. Qc2 e5 21. Nf3 Bf5 22. Ng5+ Kg8 23. e4 Bc8 24. f4 exf4 25. gxf4 Ne6 26. Nxe6 Bxe6 27. Qf2 Qb6 28. Qxb6 axb6 29. Rd3 b5 30. cxb5 cxb5 31. Rcd1 b4 32. Na4 Ne8 33. Bxg7 Kxg7 34. e5 d5 35. Bxd5 Bf5 36. Rd4 Bxh3 37. Nc5 Nc7 38. Bc4 Rxd4 39. Rxd4 Ra8 40. Rd2 Bf5 41. Kf2 h4 42. Kg2 Kf8 43. Na4 Ne6 44. Kf3 Kg7 45. Nb6 Rh8 46. Nd5 h3 47. Rh2 Rh4 48. Kg3 Rg4+ 49. Kf3 Rg1 50. Nxb4 g5 51. fxg5 Nxg5+ 52. Kf4 Kg6 53. Nd5 Rg4+ 54. Ke3 Re4+ 55. Kf2 Rxe5 56. Ne3 Bd7 57. a4 f5 58. a5 f4 59. Bd3+ Kf6 60. Nc4 Re7 61. Nb6 Bg4 62. Nd5+ Ke6 63. Nxe7 Kxe7 64. a6 Be6 65. a7 Bd5 66. Bf1 Ne4+ 67. Kf3 Nd2+ 68. Kxf4 Nxf1 69. Rxh3 Nd2 70. Rd3 Nxb3 71. Rxd5 Ke6 72. Re5+ Kd6 73. a8=Q Nc5 74. Qd5+ Kc7 75. Qxc5+ 1-0


[Site "https://www.chess.com"]

[Event "Titled Tuesday Blitz April 26 Early 2022"]
[White "Khamdamova, Afruza"]
[Black "Omelja, Artem"]
[WhiteFideId "14210444"]
[BlackFideId "14119846"]
[WhiteElo "1660"]
[BlackElo "2382"]
[Result "0-1"]
[Round "09"]
[TimeControl "180+1"]
[Date "2022.04.26"]
[WhiteClock "0:00:17"]
[BlackClock "0:00:04"]

1. e4 c5 2. Nf3 e6 3. d4 cxd4 4. Nxd4 Nf6 5. Nc3 Nc6 6. Nxc6 bxc6 7. e5 Nd5 8. Ne4 Qc7 9. f4 Qb6 10. c4 Bb4+ 11. Ke2 Ba6 12. Kf3 f5 13. exf6 Nxf6 14. c5 Bxc5 15. Nxc5 Bxf1 16. Na4 Qb5 17. Rxf1 Qh5+ 18. Kf2 Ng4+ 19. Ke1 Qh4+ 20. g3 Qh3 21. Nc5 O-O 22. Qe2 Nxh2 23. Rg1 d6 24. Ne4 Ng4 25. Ng5 Qh5 26. Qf3 h6 27. Rh1 Qxg5 28. fxg5 Rxf3 29. gxh6 gxh6 30. Bxh6 e5 31. Ke2 Rf2+ 32. Kd3 d5 33. Bd2 Raf8 34. Rh4 R8f3+ 35. Kc2 Ne3+ 36. Kc3 Nf5+ 37. Kc2 Nxh4 38. gxh4 Rg3 39. Rd1 Rgg2 40. Kc1 Rxd2 41. Rxd2 Rxd2 42. Kxd2 Kh7 43. Ke3 Kh6 44. Kf3 Kh5 45. Kg3 a5 46. b3 e4 47. a3 c5 0-1


[Site "https://www.chess.com"]

[Event "Titled Tuesday Blitz April 26 Early 2022"]
[White "Kotepalli, Sai Nirupama"]
[Black "Cagara, Paulina"]
[WhiteFideId "5039444"]
[BlackFideId "1124870"]
[WhiteElo "2385"]
[BlackElo "1780"]
[Result "1-0"]
[Round "09"]
[TimeControl "180+1"]
[Date "2022.04.26"]
[WhiteClock "0:00:07"]
[BlackClock "0:00:16"]

1. e4 c6 2. d3 d5 3. Nd2 e5 4. Ngf3 Bd6 5. g3 Ne7 6. Bg2 O-O 7. O-O Na6 8. Qe2 f6 9. c3 Bg4 10. d4 exd4 11. cxd4 dxe4 12. Nxe4 Nd5 13. h3 Bh5 14. Qc4 Bf7 15. Qd3 Nab4 16. Qd1 Bc7 17. a3 Na6 18. Bd2 Re8 19. Re1 Bg6 20. Nh4 Bf7 21. Rc1 Qd7 22. Qf3 Rad8 23. b4 Bb6 24. Nc5 Bxc5 25. dxc5 Nac7 26. g4 Ne6 27. Nf5 Ng5 28. Bxg5 fxg5 29. Nd6 Rf8 30. Re5 Nf4 31. Rxg5 Bd5 32. Rxd5 Nxd5 33. Qb3 Qe6 34. Nxb7 Rd7 35. Nd6 Kh8 36. Rd1 Nf4 37. Qxe6 Nxe6 38. Bxc6 Rdd8 39. Bd5 Nf4 40. Bc4 Nxh3+ 41. Kh2 Ng5 42. Rd5 Nf3+ 43. Kg3 Rxd6 44. cxd6 Ne1 45. d7 Rd8 46. Bb5 h5 47. Rxh5+ Kg8 48. Re5 Kf7 49. Rxe1 g5 50. Re8 Rb8 51. Rxb8 1-0


[Site "https://www.chess.com"]

[Event "Titled Tuesday Blitz April 26 Early 2022"]
[White "Kozak, Antoni"]
[Black "Bas Mas, Jose Joaquin"]
[WhiteFideId "21832030"]
[BlackFideId "22219064"]
[WhiteElo "2236"]
[BlackElo "2212"]
[Result "1-0"]
[Round "09"]
[TimeControl "180+1"]
[Date "2022.04.26"]
[WhiteClock "0:00:22"]
[BlackClock "0:00:02"]

1. d4 f5 2. g3 Nf6 3. Bg2 e6 4. b3 Be7 5. Bb2 O-O 6. Nh3 a5 7. a3 a4 8. b4 d5 9. O-O Nbd7 10. Nd2 Nb6 11. Rc1 c6 12. Nf4 Qe8 13. c4 g5 14. Nd3 Ne4 15. Ne5 Bf6 16. c5 Nxd2 17. Qxd2 Bxe5 18. dxe5 Nc4 19. Qxg5+ Qg6 20. Qxg6+ hxg6 21. Rc2 Rb8 22. Ra1 b6 23. Bd4 bxc5 24. Bxc5 Re8 25. f4 Ba6 26. e3 Kf7 27. h4 Rh8 28. Bf1 Bb5 29. Kf2 Rh7 30. Be2 Rbh8 31. Rcc1 Re8 32. Rh1 Rg8 33. h5 g5 34. h6 g4 35. Bxc4 Bxc4 36. Rh4 Rgh8 37. Rah1 Kg6 38. Ke1 Rxh6 39. Be7 Rxh4 40. Bxh4 Kf7 41. Kd2 Ke8 42. Kc3 Kd7 43. Kd4 Bb5 44. Rc1 Rh7 45. Rc5 Rh8 46. Rc1 Rh7 47. Re1 Rh8 48. Kc5 Rh7 49. Rd1 Rh8 50. Kd4 Rh7 51. Kc3 Rh8 52. Kd2 Rh7 53. Ke1 Rh8 54. Kf2 Rh7 55. Kg2 Rh8 56. Rc1 Rh7 57. Bf6 Rh6 58. Bh4 Rh7 59. Kf2 Rh8 60. Ke1 Rh7 61. Kd2 Rh8 62. Kc3 Rh7 63. Kd4 Rh8 64. Rc2 Rh7 65. Rf2 Rf7 66. Rg2 Rh7 67. Rh2 Rh8 68. Rf2 Rf8 69. Bf6 Rf7 70. Rh2 Kc8 71. Kc5 Kd7 72. Rh8 Bd3 73. Ra8 Bb5 74. Rb8 Kc7 75. Rh8 Kb7 76. Bd8 Bc4 77. Kd6 Rg7 78. Bf6 Rf7 79. Re8 Kb6 80. Rb8+ Ka7 81. Rc8 Kb7 82. Rxc6 Rh7 83. Rc5 Rh3 84. Kxe6 Rxg3 85. Kxf5 Rxe3 86. Kxg4 Be2+ 87. Kf5 d4 88. Rd5 d3 89. e6 Bf1 90. e7 Bh3+ 91. Kg6 Kc6 92. Rxd3 1-0


[Site "https://www.chess.com"]

[Event "Titled Tuesday Blitz April 26 Early 2022"]
[White "Koziorowicz, Michal"]
[Black "Aaditya Dhingra"]
[WhiteFideId "21809194"]
[BlackFideId "25678191"]
[WhiteElo "2235"]
[BlackElo "1849"]
[Result "0-1"]
[Round "09"]
[TimeControl "180+1"]
[Date "2022.04.26"]
[WhiteClock "0:00:09"]
[BlackClock "0:00:34"]

1. e4 c5 2. Nf3 d6 3. Bb5+ Bd7 4. Bxd7+ Nxd7 5. O-O Ngf6 6. Re1 g6 7. c3 Bg7 8. d4 cxd4 9. cxd4 O-O 10. Nc3 a6 11. e5 dxe5 12. dxe5 Ng4 13. Bf4 Nc5 14. h3 Nd3 15. hxg4 Nxf4 16. Qb3 Qc8 17. Nh2 Nd3 18. Re3 Nxe5 19. Nd5 Qc5 20. Rc3 Qd6 21. Rc7 e6 22. Ne7+ Kh8 23. Rxb7 Rad8 24. Ra7 Rfe8 25. Qa3 Qxa3 26. bxa3 Bf8 27. Re1 Nd3 28. Rd1 Bxe7 29. Rxa6 Bc5 30. Rf1 Nxf2 31. Rxf2 Rd2 32. Ra8 Rxa8 0-1


[Site "https://www.chess.com"]

[Event "Titled Tuesday Blitz April 26 Early 2022"]
[White "Laohawirapap, Prin"]
[Black "Miszler, Levente"]
[WhiteFideId "6205003"]
[BlackFideId "763276"]
[WhiteElo "1832"]
[BlackElo "1966"]
[Result "1-0"]
[Round "09"]
[TimeControl "180+1"]
[Date "2022.04.26"]
[WhiteClock "0:02:23"]
[BlackClock "0:01:56"]

1. e4 e6 2. d4 d5 3. Bd3 Nc6 4. c3 dxe4 5. Bxe4 f5 6. Bxc6+ bxc6 7. Nf3 Bd6 8. O-O Nf6 9. Re1 O-O 10. Nbd2 c5 11. Nc4 cxd4 12. Qxd4 Bb7 13. Ng5 Ng4 14. Nxd6 cxd6 15. Nxe6 Qh4 16. Qxg7# 1-0


[Site "https://www.chess.com"]

[Event "Titled Tuesday Blitz April 26 Early 2022"]
[White "Lauridsen, Jesper Morch"]
[Black "Bachmann, Axel"]
[WhiteFideId "1401890"]
[BlackFideId "3700488"]
[WhiteElo "2284"]
[BlackElo "2587"]
[Result "1-0"]
[Round "09"]
[TimeControl "180+1"]
[Date "2022.04.26"]
[WhiteClock "0:00:11"]
[BlackClock "0:00:32"]

1. f4 Nf6 2. Nf3 c5 3. e3 d6 4. d4 g6 5. d5 Bg7 6. c4 b5 7. cxb5 a6 8. b6 O-O 9. Nc3 Nbd7 10. Be2 Nxb6 11. O-O a5 12. a4 Nfd7 13. e4 Nb8 14. Bb5 Na6 15. Bc6 Rb8 16. Qe2 Nb4 17. Bb5 Qc7 18. Be3 Bg4 19. Rad1 Rfc8 20. f5 Nd7 21. fxg6 hxg6 22. Bxd7 Qxd7 23. h3 Bxf3 24. Qxf3 Qe8 25. Rd2 c4 26. Rdf2 Bf6 27. e5 Bxe5 28. Qxf7+ Qxf7 29. Rxf7 Bf6 30. R7xf6 exf6 31. Rxf6 Kg7 32. Rxd6 Rd8 33. Bd4+ Kf7 34. Rf6+ Ke8 35. d6 g5 36. Nb5 Nd5 37. Re6+ Kd7 38. Re5 Kc6 39. Rxg5 Rd7 40. Na7+ Kxd6 41. Be5+ Ke6 42. Bxb8 Rb7 43. Nc6 Rb6 44. Re5+ Kf6 45. Rxd5 Rxc6 46. Bg3 Ke6 47. Rxa5 c3 48. bxc3 Rxc3 49. Kh2 Rb3 50. Ra6+ Kd5 51. a5 Kc5 52. Rb6 Rd3 53. Bf2+ Kc4 54. a6 Ra3 55. Rc6+ Kd5 56. Rf6 Ke5 57. Rh6 Ra4 58. Bg3+ Kf5 59. Rh5+ Kg6 60. Rd5 Rxa6 61. Rd6+ Rxd6 62. Bxd6 Kh5 63. Bc7 Kg5 64. Bb8 Kh4 65. g3+ Kh5 66. g4+ Kg5 67. Kg2 Kh4 68. Kf3 Kg5 69. Kg3 Kg6 70. h4 Kh6 71. Ba7 Kg6 72. Bc5 Kh6 73. Bb4 Kg6 74. Bc3 Kh6 75. Bb2 Kg6 76. Bc3 Kh7 77. g5 Kg6 78. Kg4 Kh7 79. Kh5 Kg8 80. g6 Kf8 81. Kg5 Kg8 82. h5 Kf8 83. h6 Kg8 84. h7+ Kf8 85. h8=Q+ Ke7 86. Qh7+ Kd6 87. Qg7 Kc5 88. Qf6 Kc4 89. g7 Kb3 90. g8=Q+ Kc2 91. Qge6 Kd3 92. Qf3+ Kc2 93. Qee2+ Kb3 94. Be5+ Kb4 95. Qee4+ Kb5 96. Qd5+ Kb6 97. Qfb3+ Ka7 98. Qdb7# 1-0


[Site "https://www.chess.com"]

[Event "Titled Tuesday Blitz April 26 Early 2022"]
[White "Le, Tuan Minh"]
[Black "Pranav, V"]
[WhiteFideId "12401153"]
[BlackFideId "25060783"]
[WhiteElo "2450"]
[BlackElo "2349"]
[Result "1-0"]
[Round "09"]
[TimeControl "180+1"]
[Date "2022.04.26"]
[WhiteClock "0:00:18"]
[BlackClock "0:00:10"]

1. d4 Nf6 2. Nf3 b6 3. Bf4 Bb7 4. e3 g6 5. Nbd2 Bg7 6. Be2 O-O 7. O-O d6 8. a4 Nbd7 9. a5 a6 10. axb6 cxb6 11. h3 Re8 12. Bh2 e5 13. Nc4 Qc7 14. dxe5 dxe5 15. Qd6 Qc8 16. Nfxe5 Nxe5 17. Bxe5 Ne4 18. Qd4 Rxe5 19. Nxe5 Qc7 20. f4 Ng3 21. Rf2 Ne4 22. Rff1 Ng3 23. Qc4 Qe7 24. Rfe1 Rc8 25. Qb3 Bxe5 26. fxe5 Qxe5 27. Bd3 b5 28. Qb4 h5 29. Qf4 Qxf4 30. exf4 h4 31. Re7 Bd5 32. Rxa6 Bc4 33. Kf2 Bxd3 34. cxd3 Rc2+ 35. Kf3 Rxb2 36. Ra8+ Kg7 37. Raa7 Kf6 38. Rxf7+ Ke6 39. Rg7 Kf6 40. Raf7+ Ke6 41. Rb7 Kf6 42. Rgc7 Ke6 43. Rc6+ Kd5 44. Rxg6 Nh1 45. f5 Rf2+ 46. Kg4 Rxg2+ 47. Kxh4 Rf2 48. Rxb5+ Kd4 49. f6 1-0


[Site "https://www.chess.com"]

[Event "Titled Tuesday Blitz April 26 Early 2022"]
[White "Legenia, Artem"]
[Black "Blokhin, Sofia"]
[WhiteFideId "14136945"]
[BlackFideId "4508190"]
[WhiteElo "1936"]
[BlackElo "1764"]
[Result "1/2-1/2"]
[Round "09"]
[TimeControl "180+1"]
[Date "2022.04.26"]
[WhiteClock "0:01:43"]
[BlackClock "0:00:50"]

1. b4 d5 2. Bb2 e6 3. e3 Nf6 4. a3 Be7 5. Nf3 O-O 6. Be2 b6 7. O-O Bb7 8. d4 Nbd7 9. c4 c5 10. b5 a6 11. a4 dxc4 12. Bxc4 Qc7 13. Be2 a5 14. Nc3 Rad8 15. Rc1 Qb8 16. Qc2 cxd4 17. Nxd4 Qa8 18. Nc6 Bxc6 19. bxc6 Qxc6 20. Bf3 Qc4 21. Nb5 Qxc2 22. Rxc2 Nc5 23. Be5 Nxa4 24. Ra1 Nc5 25. Bc7 Rc8 26. Bxb6 Ncd7 27. Rxc8 Rxc8 28. Bxa5 Ne5 29. Be2 h6 30. Kf1 Ra8 31. Bc3 Rxa1+ 32. Bxa1 Nc6 33. Bd3 Nd5 34. Ke2 Bf6 35. Bxf6 Nxf6 36. h3 Kf8 1/2-1/2


[Site "https://www.chess.com"]

[Event "Titled Tuesday Blitz April 26 Early 2022"]
[White "Leiva, Gianmarco"]
[Black "Myshakov, Fyodor"]
[WhiteFideId "3804399"]
[BlackFideId "14111284"]
[WhiteElo "2323"]
[BlackElo "2310"]
[Result "1-0"]
[Round "09"]
[TimeControl "180+1"]
[Date "2022.04.26"]
[WhiteClock "0:00:04"]
[BlackClock "0:00:04"]

1. e4 c6 2. d4 d5 3. e5 Bf5 4. Nf3 e6 5. Be2 Nd7 6. O-O Ne7 7. a4 h6 8. a5 a6 9. Bd2 Bh7 10. Bb4 Ng6 11. Bxf8 Ngxf8 12. Bd3 Bxd3 13. Qxd3 Ng6 14. b4 O-O 15. Nbd2 Nh4 16. Ne1 Nf5 17. c3 Qg5 18. g3 Rae8 19. Ng2 g6 20. Rab1 h5 21. Rb2 Kg7 22. Rfb1 f6 23. exf6+ Qxf6 24. f4 Nd6 25. Nf3 Ne4 26. Re2 Qd8 27. Rbe1 Ndf6 28. Ne3 Qe7 29. Nd1 Rh8 30. Nb2 Qc7 31. Na4 h4 32. Nxh4 Rxh4 33. gxh4 Qxf4 34. Nc5 Qxh4 35. Nxe4 Nxe4 36. Rf1 Qg4+ 37. Rg2 Qh5 38. Qe3 Rf8 39. Rxf8 Kxf8 40. h3 Ke7 41. c4 g5 42. c5 Qh4 43. Kh2 Qh8 44. Rg1 Qf6 45. Kg2 Qh8 46. Rf1 Qg7 47. Kh2 g4 48. Qf4 g3+ 49. Kg2 Ke8 50. Qb8+ 1-0


[Site "https://www.chess.com"]

[Event "Titled Tuesday Blitz April 26 Early 2022"]
[White "Li, Ben"]
[Black "Akrakan"]
[WhiteFideId "2089980"]
[WhiteElo "2267"]
[BlackElo "2095"]
[Result "1-0"]
[Round "09"]
[TimeControl "180+1"]
[Date "2022.04.26"]
[WhiteClock "0:00:21"]
[BlackClock "0:01:03"]

1. d4 d5 2. Nf3 Nf6 3. c4 e6 4. Nc3 Be7 5. Bf4 O-O 6. a3 c6 7. e3 Ne4 8. Bd3 f5 9. O-O Nd7 10. h3 Ndf6 11. Ne2 Bd7 12. Bh2 Be8 13. Ne5 Bh5 14. f3 Nd6 15. Nf4 Bf7 16. cxd5 exd5 17. Qc2 g5 18. Ne2 Bg6 19. b4 Rc8 20. a4 Qe8 21. Rab1 Nd7 22. Rfc1 Nxe5 23. Bxe5 Nf7 24. Bh2 Bd6 25. Qd2 Bxh2+ 26. Kxh2 Nd6 27. b5 cxb5 28. Rxc8 Qxc8 29. axb5 Nc4 30. Bxc4 Qxc4 31. b6 a6 32. Rc1 Qb5 33. Qa2 Qxb6 34. Qxd5+ Kg7 35. Qe5+ Kh6 36. Rc7 Rf6 37. h4 gxh4 38. Qf4+ Kh5 39. g4+ hxg3+ 40. Nxg3# 1-0


[Site "https://www.chess.com"]

[Event "Titled Tuesday Blitz April 26 Early 2022"]
[White "Ljukin, Sergei"]
[Black "Prohorov, Olexandr"]
[WhiteFideId "14102200"]
[BlackFideId "14105578"]
[WhiteElo "2312"]
[BlackElo "1993"]
[Result "1/2-1/2"]
[Round "09"]
[TimeControl "180+1"]
[Date "2022.04.26"]
[WhiteClock "0:00:11"]
[BlackClock "0:00:08"]

1. e4 c5 2. Nf3 e6 3. d4 cxd4 4. Nxd4 Qb6 5. c3 Bc5 6. Na3 Bxa3 7. bxa3 Nc6 8. Nb5 Nf6 9. Nd6+ Ke7 10. Nc4 Qc7 11. Bd3 b5 12. Ne3 Bb7 13. a4 a6 14. O-O Ne5 15. Ba3+ d6 16. axb5 axb5 17. Bb4 Nxd3 18. Qxd3 Bxe4 19. Qxb5 Rhb8 20. Qe2 Kf8 21. Rfd1 Rd8 22. Nc4 Kg8 23. Nxd6 Bc6 24. f3 Nd5 25. Ne4 Nxb4 26. cxb4 Qb6+ 27. Qf2 Qxb4 28. Qc5 Rxd1+ 29. Rxd1 Qxc5+ 30. Nxc5 Kf8 31. a4 Bxa4 32. Nxa4 Rxa4 33. h3 Ke7 34. Rb1 Ra2 35. Rb7+ Kf6 36. Rb5 Ke7 1/2-1/2


[Site "https://www.chess.com"]

[Event "Titled Tuesday Blitz April 26 Early 2022"]
[White "Lopez, Henry"]
[Black "Lakshmi C"]
[WhiteFideId "5203830"]
[BlackFideId "25035347"]
[WhiteElo "2177"]
[BlackElo "1775"]
[Result "1-0"]
[Round "09"]
[TimeControl "180+1"]
[Date "2022.04.26"]
[WhiteClock "0:00:55"]
[BlackClock "0:00:04"]

1. d4 Nf6 2. Nf3 e6 3. c4 b6 4. a3 Bb7 5. Nc3 d5 6. cxd5 exd5 7. g3 Nbd7 8. Bg2 Be7 9. O-O O-O 10. Ne5 c6 11. Bf4 Rc8 12. Bh3 c5 13. Nxd7 Nxd7 14. dxc5 Rxc5 15. Be3 Ne5 16. Bxc5 Bxc5 17. Bg2 Ng4 18. Nxd5 Qg5 19. b4 Qh5 20. h3 Nxf2 21. Rxf2 Bxf2+ 22. Kxf2 Qf5+ 23. Kg1 Qe5 24. Nf4 Qe3+ 25. Kh2 Qf2 26. Qg1 Qxg1+ 27. Kxg1 Bxg2 28. Kxg2 a5 29. bxa5 bxa5 30. Rb1 Ra8 31. Rb7 1-0


[Site "https://www.chess.com"]

[Event "Titled Tuesday Blitz April 26 Early 2022"]
[White "Maksimovic, Bojan"]
[Black "Popadic, Dragan"]
[WhiteFideId "14408120"]
[BlackFideId "913650"]
[WhiteElo "2448"]
[BlackElo "2203"]
[Result "1-0"]
[Round "09"]
[TimeControl "180+1"]
[Date "2022.04.26"]
[WhiteClock "0:00:05"]
[BlackClock "0:00:03"]

1. d4 Nf6 2. c4 g6 3. Nc3 Bg7 4. e4 d6 5. Nf3 O-O 6. Be2 e5 7. d5 a5 8. Be3 Na6 9. Nd2 Nd7 10. g4 Ndc5 11. h4 c6 12. h5 Re8 13. Nf1 cxd5 14. cxd5 Bd7 15. a4 Rc8 16. Ra3 Nb4 17. Ng3 Qe7 18. Qd2 Bf6 19. g5 Bg7 20. Kf1 Red8 21. Kg2 Qe8 22. Nb5 Qe7 23. Nc3 Qe8 24. Rc1 Bf8 25. h6 Be7 26. Rf1 f6 27. f4 exf4 28. Bxf4 fxg5 29. Bxg5 Bxg5 30. Qxg5 Nbd3 31. Bxd3 Nxd3 32. Nce2 Ne5 33. Nh5 Ng4 34. Nf6+ Nxf6 35. Qxf6 Qf8 36. Qxf8+ Rxf8 37. Nd4 Rc4 38. Rxf8+ Kxf8 39. Rd3 Rxa4 40. Kf3 Ke7 41. Ke3 Rb4 42. Rc3 Rxb2 43. Rc7 Kd8 44. Rc1 Rb4 45. Rf1 Ke7 46. Rc1 Kd8 47. Rf1 Ke7 48. Nf3 Rb3+ 49. Kd4 a4 50. Ng5 a3 51. Rf7+ Ke8 52. Rxh7 a2 53. Rh8+ Ke7 54. Ra8 Rb2 55. h7 Rh2 56. Rxa2 Rh5 57. Ra8 Kf6 58. h8=Q+ Rxh8 59. Rxh8 Kxg5 60. Rd8 Ba4 61. Rxd6 b5 62. Rb6 Kh5 63. d6 Kg5 64. d7 b4 65. d8=Q+ 1-0


[Site "https://www.chess.com"]

[Event "Titled Tuesday Blitz April 26 Early 2022"]
[White "Mangialardo, Tiago Carvalho"]
[Black "Kosteniuk, Alexandra"]
[WhiteFideId "2130718"]
[BlackFideId "4128125"]
[WhiteElo "2089"]
[BlackElo "2469"]
[Result "0-1"]
[Round "09"]
[TimeControl "180+1"]
[Date "2022.04.26"]
[WhiteClock "0:00:02"]
[BlackClock "0:02:25"]

1. e4 d6 2. d4 Nf6 3. Nd2 c5 4. c3 g6 5. f4 Bg7 6. Ngf3 O-O 7. e5 Nd5 8. Nb3 cxd4 9. cxd4 Nc6 10. Bd3 a5 11. a4 Ncb4 12. Bb1 dxe5 13. fxe5 f6 14. O-O Bg4 15. Qe1 Bxf3 16. Rxf3 fxe5 17. Rxf8+ Qxf8 18. dxe5 Qb8 19. e6 Qa7+ 20. Kh1 Rf8 21. Be4 Qa6 22. Bg5 Qxe6 23. Rd1 Qe5 24. Bh4 Qxb2 25. Nc5 Nc3 26. Rc1 Nxe4 27. Nxe4 Nd3 0-1


[Site "https://www.chess.com"]

[Event "Titled Tuesday Blitz April 26 Early 2022"]
[White "Manukian, Artak"]
[Black "Bashirli, Saadat"]
[WhiteFideId "13301373"]
[BlackFideId "13429990"]
[WhiteElo "2335"]
[BlackElo "1173"]
[Result "1/2-1/2"]
[Round "09"]
[TimeControl "180+1"]
[Date "2022.04.26"]
[WhiteClock "0:00:09"]
[BlackClock "0:00:24"]

1. e4 c5 2. Nf3 g6 3. c3 Nf6 4. e5 Nd5 5. d4 cxd4 6. cxd4 Nc6 7. Nc3 Nxc3 8. bxc3 Bg7 9. h4 h5 10. Bg5 Qa5 11. Qd2 O-O 12. Bc4 Kh7 13. O-O f6 14. exf6 exf6 15. Be3 Ne7 16. Rab1 d5 17. Rb5 Qd8 18. Bd3 Bg4 19. Nh2 Qd7 20. Rfb1 b6 21. a4 Bf5 22. a5 Bxd3 23. Qxd3 bxa5 24. Rxa5 Nf5 25. Nf3 Nxe3 26. Qxe3 Rfe8 27. Qd3 Rac8 28. Qb5 Qf5 29. Rc1 Red8 30. Rxa7 Qf4 31. Rc2 Rb8 32. Qf1 Rb6 33. Qc1 Qf5 34. Rb2 Rdb8 35. Rxb6 Rxb6 36. Ra1 Bh6 37. Qa3 Bg7 38. Qa7 Rb1+ 39. Rxb1 Qxb1+ 40. Kh2 Qd3 41. Qc5 Qe4 42. Qc7 Kg8 43. Qc8+ Kh7 44. Qc7 Kg8 45. Qc8+ Kh7 46. Qc7 1/2-1/2


[Site "https://www.chess.com"]

[Event "Titled Tuesday Blitz April 26 Early 2022"]
[White "Martin, Lewis"]
[Black "Omariev, Maksim"]
[WhiteFideId "410551"]
[BlackFideId "4193423"]
[WhiteElo "2145"]
[BlackElo "2480"]
[Result "0-1"]
[Round "09"]
[TimeControl "180+1"]
[Date "2022.04.26"]
[WhiteClock "0:00:01"]
[BlackClock "0:00:25"]

1. e4 h5 2. d4 h4 3. Nf3 h3 4. g3 c6 5. c4 d5 6. Nc3 dxe4 7. Nxe4 Bf5 8. Bd3 e6 9. O-O Nf6 10. Nxf6+ Qxf6 11. Bxf5 Qxf5 12. Ne5 Bd6 13. Re1 f6 14. Nd3 Nd7 15. Bf4 Be7 16. Qe2 g5 17. g4 Qh7 18. Bg3 O-O-O 19. Rad1 Nf8 20. Qe4 Qf7 21. b4 Bd6 22. Bxd6 Rxd6 23. b5 cxb5 24. cxb5 Kb8 25. Nc5 Rh4 26. d5 e5 27. a4 Ng6 28. a5 Nf4 29. f3 Rxd5 30. Rxd5 Qxd5 31. Qxd5 Nxd5 0-1


[Site "https://www.chess.com"]

[Event "Titled Tuesday Blitz April 26 Early 2022"]
[White "Martinez Alcantara, Jose Eduardo"]
[Black "Shankland, Sam"]
[WhiteFideId "3805662"]
[BlackFideId "2004887"]
[WhiteElo "2690"]
[BlackElo "2618"]
[Result "1-0"]
[Round "09"]
[TimeControl "180+1"]
[Date "2022.04.26"]
[WhiteClock "0:00:42"]
[BlackClock "0:00:59"]

1. e4 c6 2. d4 d5 3. e5 Bf5 4. h4 h5 5. Bd3 Bxd3 6. Qxd3 e6 7. Nf3 Qa5+ 8. Nbd2 Qa6 9. c4 Nh6 10. O-O Nf5 11. b3 c5 12. Qb1 dxc4 13. d5 c3 14. Ne4 exd5 15. Nxc3 Ne7 16. Bg5 Nbc6 17. Rd1 d4 18. Ne4 Nd5 19. Re1 d3 20. Qb2 Kd7 21. a3 Re8 22. Rac1 Qb6 23. Red1 Kc8 24. Rxd3 Nc7 25. Nd6+ Bxd6 26. exd6 Rd8 27. Bxd8 Rxd8 28. Qxg7 Nb5 29. d7+ Kc7 30. Qg3+ 1-0


[Site "https://www.chess.com"]